 Dungeon Crawl Stone Soup version 0.30-a0-782-ge64f9170bb (webtiles) character file.

Game seed: 9614549801674246633

170 HoaS the Shooter (level 5, -1/30 HPs)
             Began as a Gargoyle Hunter on Mar 5, 2023.
             Slain by an iron imp (7 damage)
             ... summoned by Eustachio
             ... on level 4 of the Dungeon.
             The game lasted 00:04:43 (2675 turns).

HoaS the Shooter (Gargoyle Hunter)                  Turns: 2675, Time: 00:04:44

Health: -1/30      AC: 10    Str: 15    XL:     5   Next: 51%
Magic:  5/5        EV: 11    Int:  9    God:
Gold:   857        SH:  0    Dex: 15    Spells: 4/4 levels left

rFire   . . .      SeeInvis .    a - +0 shortbow
rCold   . . .      Faith    .    (shield currently unavailable)
rNeg    + . .      Spirit   .    c - +0 leather armour
rPois   ∞          Reflect  .    (no helmet)
rElec   +          Harm     .    (no cloak)
rCorr   .          Rampage  .    (no gloves)
Will    .....                    m - +2 pair of boots
Stlth   ++                       (no amulet)
HPRegen 0.25/turn                (no ring)
MPRegen 0.09/turn                (no ring)

@: no status effects
A: sickness immunity, AC +4, negative energy resistance 1, electricity
resistance, torment resistance 1, petrification resistance
a: no special abilities


You were on level 4 of the Dungeon.
You visited 1 branch of the dungeon, and saw 4 of its levels.

You collected 1088 gold pieces.
You spent 231 gold pieces at shops.

Inventory:

Hand Weapons
 a - a +0 shortbow (weapon)
Armour
 c - a +0 leather armour (worn)
 m - a +2 pair of boots (worn)
Wands
 n - a wand of flame (18)
Scrolls
 b - 2 scrolls of immolation
 j - 6 scrolls of teleportation
Potions
 d - 2 potions of mutation
 e - a potion of curing
 g - a potion of heal wounds {unknown}
 h - 4 potions of lignification
 i - a potion of cancellation {unknown}
 k - a potion of degeneration {unknown}
 l - a potion of magic {unknown}
 o - a potion of brilliance {unknown}


   Skills:
 - Level 2.1 Fighting
 + Level 6.6 Ranged Weapons
 - Level 1.5 Dodging
 - Level 1.1 Stealth


You had 4 spell levels left.
You didn't know any spells.
Your spell library contained the following spells:

 Spells                   Type           Power      Damage    Failure   Level
 Slow                     Hex            0%         N/A       45%         1
 Sting                    Tmut/Pois      0%         1d3       45%         1
 Poisonous Vapours        Pois/Air       0%         N/A       58%         2
 Confusing Touch          Hex            0%         N/A       83%         3
 Vampiric Draining        Necr           0%         2d6       83%         3
 Olgreb's Toxic Radiance  Pois           0%         N/A       99%         4


Dungeon Overview and Level Annotations

Branches:
Dungeon (4/15)
 Temple: D:4-7

Altars:
Elyvilon
Xom

Shops:
D:3 [

Annotations:
D:4 Eustachio


Innate Abilities, Weirdness & Mutations

You are immune to sickness and miasma.
Your stone body is resilient. (AC +4)
You are immune to poison.
You resist negative energy. (rN+)
You are resistant to electric shocks. (rElec)
You are resistant to unholy torment.
You are immune to petrification.


Message History

Eustachio twirls his moustache.
Fire: a) +0 shortbow
Press: ? - help, Q - select action, (/) - cycle Shift-Dir - straight line, f/p - Eustachio
Aim: Eustachio, wielding a +0 rapier, wearing a +0 leather armour and carrying a wand of quicksilver (5) (lightly wounded, 53% to hit)
You shoot an arrow.
The arrow hits the iron imp but does no damage.
The iron imp is severely wounded.
The iron imp misses you. The iron imp hits you.
Fire: a) +0 shortbow
Press: ? - help, Q - select action, (/) - cycle Shift-Dir - straight line, f/p - Eustachio
Aim: Eustachio, wielding a +0 rapier, wearing a +0 leather armour and carrying a wand of quicksilver (5) (lightly wounded, 53% to hit)
You shoot an arrow. The arrow barely misses the iron imp.
The arrow barely misses Eustachio.
The iron imp misses you. The shadow imp closely misses you.
The iron imp hits you but does no damage.
Fire: a) +0 shortbow
Press: ? - help, Q - select action, (/) - cycle Shift-Dir - straight line, f/p - Eustachio
Aim: Eustachio, wielding a +0 rapier, wearing a +0 leather armour and carrying a wand of quicksilver (5) (lightly wounded, 53% to hit)
You shoot an arrow.
The arrow hits the iron imp but does no damage.
The iron imp is severely wounded.
You hear a shout!
The shadow imp gestures at you. Pain shoots through your body!
Eustachio mumbles some strange words.
The iron imp hits you! The iron imp hits you.
Fire: a) +0 shortbow
Press: ? - help, Q - select action, (/) - cycle Shift-Dir - straight line, f/p - Eustachio
Aim: Eustachio, wielding a +0 rapier, wearing a +0 leather armour and carrying a wand of quicksilver (5) (lightly wounded, 53% to hit)
You shoot an arrow. The arrow closely misses the iron imp.
The arrow hits Eustachio.
Eustachio is moderately wounded.
The shadow imp gestures at you. Pain shoots through your body!
* * * LOW HITPOINT WARNING * * *
Eustachio casts a spell.
Eustachio blinks!
The iron imp hits you but does no damage.
The iron imp hits you!
You die...

.. . ##.# ..
##.. ...##
#..### .>.##
#.... ...
#..#
..####.##.@#
#>.....(.@.#
.
######..555#
.~ ##..b.#
o~≈ #.§..#
o.~≈ #[...#
.w.~≈
##r#.#...~≈~
#.#...⌠....
..#..!.....
.#####......


You could see Eustachio, 2 iron imps, a shadow imp (summoned), a bat (summoned)
and a rat (summoned).

Vanquished Creatures
  Natasha (thrice) (D:3)
  4 adders (D:3)
  A worm (D:2)
  2 orcs (D:4)
  4 ball pythons
  4 endoplasms
  3 giant cockroaches
  6 goblins
  5 hobgoblins
  4 jackals (D:1)
  2 kobolds
  2 quokkas
  6 bats
  2 frilled lizards
  5 rats
53 creatures vanquished.

Notes
Turn   | Place    | Note
-------+----------+-------------------------------------------
     0 | D:1      | HoaS the Gargoyle Hunter began the quest for the Orb.
     0 | D:1      | Reached XP level 1. HP: 12/12 MP: 1/1
   136 | D:1      | Reached XP level 2. HP: 16/17 MP: 2/2
   680 | D:2      | Identified a scroll of acquirement
   680 | D:2      | Acquired 839 gold pieces
   984 | D:2      | Reached XP level 3. HP: 17/21 MP: 3/3
  1173 | D:2      | Found a white marble altar of Elyvilon.
  1186 | D:2      | Reached skill level 5 in Ranged Weapons
  1868 | D:3      | Found Boeclie's Armour Shoppe.
  1886 | D:3      | Bought a +2 pair of boots for 231 gold pieces
  1983 | D:3      | Found a faded altar of an unknown god.
  1986 | D:3      | Found a shimmering altar of Xom.
  1994 | D:3      | Reached XP level 4. HP: 22/26 MP: 4/4
  2056 | D:3      | Noticed Natasha
  2074 | D:3      | Killed Natasha
  2075 | D:3      | Reached skill level 6 in Ranged Weapons
  2144 | D:3      | Noticed Natasha
  2152 | D:3      | Killed Natasha
  2153 | D:3      | Reached XP level 5. HP: 19/30 MP: 5/5
  2378 | D:3      | Noticed Natasha
  2389 | D:3      | Killed Natasha
  2647 | D:4      | Noticed Eustachio
  2675 | D:4      | Slain by an iron imp

Illustrated notes

Levels and vault maps discovered:
D:1:      sevenhm_arrival_forest_fort_large_4, layout_basic
D:2:      wad_crossroads, layout_basic, basic_altar
D:3:      layout_loops_ring, xom_teletrap_fun,
          hellmonk_ecumenical_altar_pennies_from_heaven, serial_shops,
          nicolae_diamond_shop, uniq_natasha
D:4:      layout_rooms, kiku_gazebo_pond_becter, temple_doors_cd, serial_shops,
          nicolae_square_shop, uniq_eustachio, uniq_ijyb

Skill      XL: |  1  2  3  4 |
---------------+-------------+-----
Ranged Weapons | 5 6 |  6.6
Fighting       | |  2.1
Dodging        | |  1.5
Stealth        | |  1.1

Action                     |  1- 3 |  4- 6 || total
---------------------------+-------+-------++-------
   Fire: Shortbow          |   114 |    71 ||   185
    Use: Scroll            |     6 |     3 ||     9
 Armour: Leather armour    |    25 |    21 ||    46
  Dodge: Dodged            |    29 |    27 ||    56

Table legend: (Time is in decaauts)
 A = Elapsed time spent in this place.
 B = Non-inter-level travel time spent in this place.
 C = Inter-level travel time spent in this place.
 D = Time resting spent in this place.
 E = Time spent auto-exploring this place.
 F = Levels seen in this place.
 G = Mean time per level.
                   A        B        C        D        E       F      G
               +--------+--------+--------+--------+--------+-----+--------+
         Total |   2768 |   2636 |    132 |    343 |   1926 |   4 |  692.0 |
       Dungeon |   2768 |   2636 |    132 |    343 |   1926 |   4 |  692.0 |
               +--------+--------+--------+--------+--------+-----+--------+

Top non-repeatable levels by time:
     D:2: 1023 daAuts
     D:3: 856 daAuts
     D:1: 822 daAuts
     D:4: 66 daAuts
